 Dungeon Crawl Stone Soup version 0.25-a0-341-g6f074c887a (webtiles) character file.

Game seed: 5181040316088875014, levelgen mode: deterministic

129 jclain the Chopper (level 4, -1/41 HPs)
             Began as a Minotaur Berserker on Dec 30, 2019.
             Was a Believer of Trog.
             Succumbed to a gnoll's poison
             ... on level 3 of the Dungeon.
             The game lasted 00:07:16 (1592 turns).

jclain the Chopper (Minotaur Berserker)             Turns: 1592, Time: 00:07:17

Health: -1/41      AC:  5    Str: 19 (22) XL:     4   Next: 88%
Magic:  3/3        EV: 13    Int:  1 (4)  God:    Trog [**....]
Gold:   123        SH:  0    Dex:  9 (10) Spells: 3/3 levels left

rFire    . . .     SeeInvis .   a - +0 hand axe
rCold    . . .     Gourm    .   (no shield)
rNeg     . . .     Faith    .   b - +0 animal skin
rPois    .         Spirit   .   (helmet restricted)
rElec    .         Reflect  .   (no cloak)
rCorr    .         Harm     .   e - +2 pair of gloves
MR       .....                  (no boots)
Stlth    +.........             (no amulet)
HPRegen  0.13/turn              (no ring)
MPRegen  0.08/turn              (no ring)

@: lethally poisoned (-1 -> -18), berserk cooldown, slowed, very slow
A: retaliatory headbutt, horns 2
a: Berserk, Trog's Hand, Renounce Religion


You were on level 3 of the Dungeon.
You worshipped Trog.
Trog was pleased with you.
You were very hungry.

You visited 1 branch of the dungeon, and saw 3 of its levels.

You collected 123 gold pieces.

Inventory:

Hand Weapons
 a - a +0 hand axe (weapon)
Armour
 b - a +0 animal skin (worn)
 e - a +2 pair of gloves (worn)
Scrolls
 d - a scroll of remove curse {unknown}
 g - 2 scrolls of identify {unknown}
 h - a scroll of amnesia {unknown}
 i - 2 scrolls of teleportation {unknown}
 m - a scroll of enchant weapon {unknown}
 q - 2 scrolls of enchant armour {unknown}
Potions
 j - a potion of might {unknown}
 k - a potion of flight {unknown}
 l - a potion of lignification {unknown}
 n - a potion of cancellation {unknown}
 o - 2 potions of agility {unknown}
Comestibles
 c - 5 rations
 f - 2 chunks of flesh


   Skills:
 + Level 4.7 Fighting
 + Level 5.1 Axes
 + Level 2.6 Armour
 + Level 3.4 Dodging


You had 3 spell levels left.
You didn't know any spells.
Your spell library was empty.

Dungeon Overview and Level Annotations

Branches:
Dungeon (3/15)

Altars:
Yredelemnul


Innate Abilities, Weirdness & Mutations

You reflexively headbutt those who attack you in melee.
You have a pair of horns on your head.


Message History

The rat closely misses you.
A gnoll comes into view. It is wielding a +2 spear of pain.
The gnoll hits you from afar with a +0 spear of venom.
* * * LOW HITPOINT WARNING * * *
You are poisoned.
You feel sick. The rat closely misses you.
You feel sick.
The gnoll shouts!
The rat closely misses you. The gnoll hits you but does no damage.
You are lethally poisoned!
* * * LOW HITPOINT WARNING * * *
You feel sick. The gnoll hits you.
* * * LOW HITPOINT WARNING * * *
The gnoll hits you but does no damage.
You are more poisoned.
The rat barely misses you.
It was a potion of degeneration.
There was something very wrong with that liquid.
You feel weakened.
You feel dopey.
You feel clumsy.
You die...

.........###.##.######..#
..#......................
..#.....................
......##..###.#.........
..###.##..# #......###.
..# ..#..# ##..#..###.###
..# ..+ #..#......... ..#
.#..#####.##.###.###
........@......#
#.####.rg%.#####
###g.)†.# #.....†.#
###.).g<# #.....g....
##..#...... ..[#.......
+...........


You could see 4 gnolls and a rat.

Vanquished Creatures
  Terence (D:3)
  4 adders
  A dart slug (D:2)
  3 leopard geckos
  4 giant cockroaches
  5 goblins
  6 hobgoblins
  7 jackals
  12 kobolds
  4 bats
  6 frilled lizards
  9 rats
62 creatures vanquished.

Notes
Turn   | Place    | Note
-------+----------+-------------------------------------------
     0 | D:1      | jclain the Minotaur Berserker began the quest for the Orb.
     0 | D:1      | Reached XP level 1. HP: 19/19 MP: 0/0
    91 | D:1      | Reached XP level 2. HP: 11/27 MP: 1/1
   103 | D:1      | Reached skill level 4 in Axes
   511 | D:1      | Reached ** piety under Trog
   520 | D:1      | Reached XP level 3. HP: 28/33 MP: 2/2
  1117 | D:2      | Reached XP level 4. HP: 41/41 MP: 3/3
  1213 | D:2      | Found a basalt altar of Yredelemnul.
  1565 | D:3      | Noticed Terence
  1574 | D:3      | Killed Terence
  1574 | D:3      | Reached skill level 5 in Axes
  1591 | D:3      | HP: 1/41 [gnoll (6)]
  1592 | D:3      | Succumbed to a gnoll's poison

Levels and vault maps discovered:
D:1:      minmay_arrival_arboretum_small, layout_basic
D:2:      layout_loops_ring, yredelemnul_altar_generic
D:3:      layout_basic, nicolae_overflow_hidden_temple, zin_scriptorium,
          first_ration, tso_altar, uniq_terence

Skill      XL: |  1  2  3  4 |
---------------+-------------+-----
Fighting       | 4 |  4.7
Axes           | 4 5 |  5.1
Dodging        | 3 |  3.4
Armour         | |  2.6

Action                   |  1- 3 |  4- 6 || total
-------------------------+-------+-------++-------
Melee: Hand axe          |    66 |    45 ||   111
       Headbutt          |    11 |     6 ||    17
Invok: Berserk           |       |     1 ||     1
  Use: Potion            |     1 |     1 ||     2
  Eat: Chunk             |     1 |     1 ||     2
Armor: Animal skin       |    21 |     9 ||    30
Dodge: Dodged            |    41 |    33 ||    74

Table legend:
 A = Non-vault XP
 B = Vault XP
 C = Vault XP percentage of total XP
 D = Non-vault monster count
 E = Vault monster count
 F = Vault count percentage of total count
                 A         B        C        D         E       F
            +---------+---------+-------+---------+---------+-------
      Total |     149 |      36 |  19.5 |      61 |       1 |   1.6
            +---------+---------+-------+---------+---------+-------
        D:1 |      50 |       0 |   0.0 |      33 |       0 |   0.0
        D:2 |      70 |       0 |   0.0 |      19 |       0 |   0.0
        D:3 |      29 |      36 |  55.4 |       9 |       1 |  10.0
            +---------+---------+-------+---------+---------+-------
